 Dungeon Crawl Stone Soup version 0.23.2-1-ga50397a (webtiles) character file.

Game seed: 4534305189564835496

45 whitewolfNL the Cudgeler (level 3, -3/49 HPs)
             Began as a Minotaur Berserker on May 21, 2019.
             Was a Believer of Trog.
             Killed from afar by a dart slug (5 damage)
             ... with a slug dart
             ... on level 2 of the Dungeon.
             The game lasted 00:02:34 (951 turns).

whitewolfNL the Cudgeler (Minotaur Berserker)        Turns: 951, Time: 00:02:34

Health: -3/49      AC:  2    Str: 26    XL:     3   Next: 42%
Magic:  2/2        EV: 12    Int:  4    God:    Trog [**....]
Gold:   36         SH:  0    Dex: 10    Spells: 2/2 levels left

rFire    . . .     SeeInvis .   a - +0 mace
rCold    . . .     Gourm    .   (no shield)
rNeg     . . .     Faith    .   b - +0 animal skin
rPois    .         Spirit   .   (helmet restricted)
rElec    .         Reflect  .   (no cloak)
rCorr    .         Harm     .   (no gloves)
MR       .....                  (no boots)
Stlth    ..........             (no amulet)
HPRegen  0.16/turn              (no ring)
MPRegen  0.08/turn              (no ring)

@: berserking, very quick
A: retaliatory headbutt, horns 2
a: Berserk, Trog's Hand, Renounce Religion


You were on level 2 of the Dungeon.
You worshipped Trog.
Trog was pleased with you.
You were hungry.

You visited 1 branch of the dungeon, and saw 2 of its levels.

You collected 36 gold pieces.

Inventory:

Hand Weapons
 a - a +0 mace (weapon)
Missiles
 e - 16 poisoned needles
 g - 48 stones (quivered)
Armour
 b - a +0 animal skin (worn)
Jewellery
 j - an uncursed ring of fire {unknown}
Scrolls
 d - a scroll of immolation {unknown}
 h - a scroll of enchant weapon {unknown}
 k - a scroll of identify {unknown}
Potions
 i - a potion of heal wounds {unknown}
 l - a potion of lignification {unknown}
Comestibles
 c - 2 rations


   Skills:
 * Level 3.8 Fighting
 * Level 4.0 Maces & Flails
 * Level 1.2 Throwing
 + Level 2.7 Armour
 * Level 2.7 Dodging
 - Level 1.0 Stealth


You had 2 spell levels left.
You didn't know any spells.
Your spell library was empty.

Dungeon Overview and Level Annotations

Branches:
Dungeon (2/15)

Altars:


Innate Abilities, Weirdness & Mutations

You reflexively headbutt those who attack you in melee.
You have a pair of horns on your head.


Message History

The hobgoblin barely misses you.
A red film seems to cover your vision as you go berserk!
You feel yourself moving faster!
You feel mighty!
You are feeling hungry.
The bat hits you but does no damage. x2; The hobgoblin hits you with a +0 club!
* * * LOW HITPOINT WARNING * * *
You hit the hobgoblin.
You kill the hobgoblin!
Trog accepts your kill. The bat hits you but does no damage.
You miss the bat. The bat hits you.
* * * LOW HITPOINT WARNING * * *
The rat misses you. You furiously retaliate!
You headbutt the rat!
You kill the rat!
Trog accepts your kill.
You can now call upon Trog for regeneration and magic resistance.
The bat closely misses you. The dart slug launches a dart at you.
The slug dart hits you.
You die...

.# ..... ..
.... #. ...
.#.. ##### ...#
...# #..#
##.###.>#
#.$....†#
#@..#...#
#.w.#b.<#.....#
#.#####.#...#.#
... ..###...
..# #### .###
#.. # #. .


You could see a dart slug and a bat.

Vanquished Creatures
  An adder (D:2)
  A worm (D:2)
  A dart slug (D:1)
  3 leopard geckos (D:1)
  A giant cockroach (D:1)
  2 goblins (D:1)
  5 hobgoblins
  2 kobolds (D:1)
  3 bats (D:1)
  A frilled lizard (D:1)
  9 rats
29 creatures vanquished.

Notes
Turn   | Place    | Note
-------+----------+-------------------------------------------
     0 | D:1      | whitewolfNL the Minotaur Berserker began the quest for the
                  | Orb.
     0 | D:1      | Reached XP level 1. HP: 19/19 MP: 0/0
   168 | D:1      | Reached XP level 2. HP: 27/27 MP: 1/1
   526 | D:1      | Reached skill level 1 in Throwing
   675 | D:1      | Reached skill level 4 in Maces & Flails
   709 | D:1      | Reached XP level 3. HP: 32/33 MP: 2/2
   941 | D:2      | Reached skill level 1 in Stealth
   950 | D:2      | HP: 2/49 [bat (1)]
   950 | D:2      | Reached ** piety under Trog
   951 | D:2      | Killed from afar by a dart slug

Skill      XL: |  1  2  3 |
---------------+----------+-----
Throwing       | 1 |  1.2
Maces & Flails | 4 |  4.0
Stealth        | 1 |  1.0
Fighting       | |  3.8
Armour         | |  2.7
Dodging        | |  2.7

Action                   || total
-------------------------++-------
Melee: Mace              ||    52
       Headbutt          ||     4
Invok: Berserk           ||     2
 Stab: Sleeping          ||     1
  Eat: Chunk             ||     1
Armor: Animal skin       ||    19
Dodge: Dodged            ||    36
